 Dungeon Crawl Stone Soup version 0.29-a0-397-g846e4a0bbc (webtiles) character file.

Game seed: 11609901906041868249

116 quokkamancerX the Stinger (level 5, -3/42 HPs)
             Began as a Naga Venom Mage on May 12, 2022.
             Slain by Crazy Yiuf
             ... wielding a +2 quarterstaff of chaos
              (6 damage)
             ... on level 3 of the Dungeon.
             The game lasted 00:21:52 (2677 turns).

quokkamancerX the Stinger (Naga Venom Mage)         Turns: 2677, Time: 00:21:53

Health: -3/42      AC:  3    Str: 11    XL:     5   Next: 0%
Magic:  8/9        EV:  9    Int: 17    God:
Gold:   15         SH:  0    Dex: 11    Spells: 9/10 levels left

rFire   . . .      SeeInvis +   n - +0 short sword
rCold   . . .      Faith    .   (no shield)
rNeg    . . .      Spirit   .   a - +0 robe
rPois   +          Reflect  .   p - +0 helmet
rElec   .          Harm     .   (no cloak)
rCorr   .          Rampage  .   (no gloves)
Will    .....                   (no barding)
Stlth   +++.......              (no amulet)
HPRegen 0.14/turn               r - ring of wizardry
MPRegen 0.11/turn               (no ring)

@: short of breath, very slow
A: AC +1, large, see invisible, deformed body, poison resistance, slowness 2,
spit poison 1, naga tail 1
a: Spit Poison


You were on level 3 of the Dungeon.
You visited 1 branch of the dungeon, and saw 3 of its levels.

You collected 100 gold pieces.
You spent 85 gold pieces at shops.

Inventory:

Hand Weapons
 n - a +0 short sword (weapon)
Armour
 a - a +0 robe (worn)
 p - a +0 helmet (worn)
Jewellery
 l - a ring of fire
 r - a ring of wizardry (left hand)
 s - an amulet of guardian spirit
Scrolls
 d - a scroll of enchant weapon {unknown}
 f - 2 scrolls of fear
 g - 3 scrolls of teleportation
 h - 2 scrolls of fog
 i - a scroll of identify
 m - a scroll of poison {unknown}
 t - a scroll of silence {unknown}
Potions
 b - a potion of magic
 c - a potion of brilliance
 e - a potion of attraction
 j - 2 potions of ambrosia
 k - a potion of might {unknown}
 o - a potion of haste {unknown}
 q - a potion of curing {unknown}


   Skills:
 - Level 1.5 Dodging
 + Level 5.0 Stealth
 + Level 3.1 Spellcasting
 - Level 1.0 Transmutations
 + Level 5.3 Poison Magic


You had 9 spell levels left.
You knew the following spells:

 Your Spells              Type           Power      Damage    Failure   Level
a - Sting                 Tmut/Pois      52%        1d5       1%          1

Your spell library contained the following spells:

 Spells                   Type           Power      Damage    Failure   Level
 Poisonous Vapours        Pois/Air       22%        N/A       3%          2
 Olgreb's Toxic Radiance  Pois           20%        N/A       8%          4
 Mephitic Cloud           Conj/Pois/Air  8%         N/A       11%         3


Dungeon Overview and Level Annotations

Branches:
Dungeon (3/15)

Altars:

Shops:
D:2 ?

Annotations:
D:3 Crazy Yiuf


Innate Abilities, Weirdness & Mutations

Your serpentine skin is tough. (AC +1)
You have supernaturally acute eyesight. (SInv)
Armour fits poorly on your strangely shaped body.
Your system is resistant to poisons. (rPois)
You cover ground very slowly.
You can spit poison.
You have a snake-like lower body.


Message History

You now have 15 gold pieces.
Found 3 javelins.
A rat comes into view.
You see here 3 javelins.
Aiming: Spit Poison (1% risk of failure)
Press: ? - help, Shift-Dir - straight line, f - rat
Aim: a rat (asleep, 100% to hit)
The splash of poison hits the rat.
The rat is poisoned.
You kill the rat!
You have got your breath back.
You see here 3 javelins.
Found a glowing mace.
Found a runed translucent door.
Crazy Yiuf shouts!
Crazy Yiuf screams, "Walk bush down!"
Crazy Yiuf cries, "Seed toodlewoodle aubergine!"
Casting: Sting (safe; 1% risk of failure)
Confirm with . or Enter, or press ? or * to list all spells.
You don't know that spell.
You open the door.
Aiming: Spit Poison (1% risk of failure)
Press: ? - help, Shift-Dir - straight line, f - Crazy Yiuf
Aim: Crazy Yiuf, wielding a +2 quarterstaff of chaos and wearing a +0 cloak (65% to hit)
The splash of poison hits Crazy Yiuf but does no damage.
Crazy Yiuf is poisoned.
Crazy Yiuf yells, "Orb!
Shower pizzabubble canine."
Crazy Yiuf hits you with a +2 quarterstaff of chaos!
Crazy Yiuf burns you.
Aiming: Sting (safe; 1% risk of failure)
Press: ? - help, Q - select action, (/) - cycle Shift-Dir - straight line, f/p - Crazy Yiuf
Aim: Crazy Yiuf, wielding a +2 quarterstaff of chaos and wearing a +0 cloak (poisoned, 75% to hit)
The sting hits Crazy Yiuf.
Crazy Yiuf looks even sicker.
Crazy Yiuf is moderately wounded.
Crazy Yiuf hits you with a +2 quarterstaff of chaos!
You are electrocuted!
* * * LOW HITPOINT WARNING * * *
Okay, then.
Okay, then.
Crazy Yiuf says, "Peeping snail King!"
Crazy Yiuf hits you with a +2 quarterstaff of chaos.
You die...

##########
#........#
#...###### #...#
#...# #...#### ###
######## #....#.##
###..)# #....>.#
#.....P.####g'...#
#......#
#.....P..#.@##...#
#......#
#....#P.#.### ###
#......#
###.#######
#......## #.#
#[......# #.# ###
##........ #.# #.#
#.......[# #.# #.#
######.#.# #.# #.#
###### #.... #.#
#.# #..(.#
#######.##


You could see Crazy Yiuf (very poisoned).

Vanquished Creatures
  Terence (D:3)
  2 adders
  2 worms (D:2)
  2 dart slugs (D:1)
  2 orcs (D:3)
  3 ball pythons
  5 bats
  4 endoplasms
  A giant cockroach (D:2)
  9 goblins
  7 hobgoblins
  3 jackals (D:3)
  2 quokkas (D:3)
  4 frilled lizards
  6 kobolds
  8 rats
61 creatures vanquished.

Notes
Turn   | Place    | Note
-------+----------+-------------------------------------------
     0 | D:1      | quokkamancerX the Naga Venom Mage began the quest for the
                  | Orb.
     0 | D:1      | Reached XP level 1. HP: 15/15 MP: 3/3
   162 | D:1      | Reached XP level 2. HP: 19/22 MP: 0/5
   604 | D:1      | Reached XP level 3. HP: 28/28 MP: 6/6
  1362 | D:2      | Found Tuaves's Magic Scroll Boutique.
  1400 | D:2      | Bought a scroll of fear for 35 gold pieces
  1400 | D:2      | Bought a scroll of fog for 20 gold pieces
  1400 | D:2      | Bought a scroll of teleportation for 30 gold pieces
  1706 | D:2      | Found a faded altar of an unknown god.
  1871 | D:2      | Reached XP level 4. HP: 36/36 MP: 4/8
  2023 | D:2      | Reached skill level 5 in Poison Magic
  2141 | D:3      | Noticed Terence
  2151 | D:3      | Killed Terence
  2441 | D:3      | Reached skill level 5 in Stealth
  2598 | D:3      | Reached XP level 5. HP: 42/42 MP: 9/9
  2670 | D:3      | Found a runed translucent door.
  2671 | D:3      | Noticed Crazy Yiuf
  2677 | D:3      | Slain by Crazy Yiuf

Illustrated notes

Levels and vault maps discovered:
D:1:      nicolae_arrival_washed_ashore, layout_rooms
D:2:      layout_loops_corners, nicolae_ecumenical_oubliette, serial_shops, shop
D:3:      layout_rooms, uniq_crazy_yiuf_cottage, uniq_terence

Skill      XL: |  1  2  3  4 |
---------------+-------------+-----
Stealth        | 4 5 |  5.0
Poison Magic   | 5 |  5.3
Spellcasting   | 3 |  3.1
Dodging        | |  1.5
Transmutations | |  1.0

Action                   |  1- 3 |  4- 6 || total
-------------------------+-------+-------++-------
Melee: Unarmed           |     1 |       ||     1
       Dagger            |     1 |       ||     1
       Short sword       |    22 |    12 ||    34
       Punch             |       |     2 ||     2
 Cast: Sting             |    25 |    16 ||    41
 Abil: Spit Poison       |    44 |    13 ||    57
  Use: Scroll            |     3 |       ||     3
 Stab: Sleeping          |     1 |       ||     1
Armor: Robe              |    11 |     8 ||    19
Dodge: Dodged            |    16 |    12 ||    28

Table legend: (Time is in decaauts)
 A = Elapsed time spent in this place.
 B = Non-inter-level travel time spent in this place.
 C = Inter-level travel time spent in this place.
 D = Time resting spent in this place.
 E = Time spent auto-exploring this place.
 F = Levels seen in this place.
 G = Mean time per level.
                   A        B        C        D        E       F      G
               +--------+--------+--------+--------+--------+-----+--------+
         Total |   3348 |   3175 |    173 |    787 |    142 |   3 | 1116.0 |
       Dungeon |   3348 |   3175 |    173 |    787 |    142 |   3 | 1116.0 |
               +--------+--------+--------+--------+--------+-----+--------+

Top non-repeatable levels by time:
     D:2: 1809 daAuts
     D:1: 1156 daAuts
     D:3: 382 daAuts
